| TOP OF THE 1ST |
|
Spokane Indians batting - Pitching for San Jose Missions : RHP Oscar Acosta
|
|
Pitching: RHP Oscar Acosta
|
|
|
Batting: SHB Jose Oquendo
|
0-0: Ball 1-0: Foul Ball, location: 2F 1-1: Fly out, F6 (Line Drive, 6, EV 65.6 MPH)
|
|
Batting: LHB Stu Pederson
|
0-0: Ball 1-0: Ball 2-0: Ball 3-0: Called Strike 3-1: Base on Balls
|
|
Batting: SHB Mark Gillaspie
|
0-0: Swinging Strike 0-1: Ball 1-1: Ball 2-1: Swinging Strike 2-2: Fly out, F5 (Popup, 5L, EV 78.8 MPH)
|
|
Batting: RHB Craig Landis
|
0-0: Called Strike Stu Pederson is caught stealing 2nd base 2-4
|
| Top of the 1st over - 0 runs, 0 hits, 0 errors, 0 left on base; Spokane 0 - San Jose 0 |
| BOTTOM OF THE 1ST |
|
San Jose Missions batting - Pitching for Spokane Indians : RHP Rob Mendoza
|
|
Pitching: RHP Rob Mendoza
|
|
|
Batting: SHB Curt Bryan
|
0-0: Called Strike 0-1: Swinging Strike 0-2: Strikes out swinging
|
|
Batting: RHB Vance Law
|
0-0: Ball 1-0: Ground out 4-3 (Groundball, 4D, EV 105.0 MPH)
|
|
Batting: SHB Bip Roberts
|
0-0: Ball 1-0: Swinging Strike 1-1: Ball 2-1: SINGLE (Line Drive, 4M, EV 100.0 MPH)
|
|
Batting: LHB Marvell Wynne
|
0-0: Called Strike 0-1: Ball 1-1: Fly out, F9 (Flyball, 9, EV 81.9 MPH)
|
| Bottom of the 1st over - 0 runs, 1 hit, 0 errors, 1 left on base; Spokane 0 - San Jose 0 |
| TOP OF THE 2ND |
|
Spokane Indians batting - Pitching for San Jose Missions : RHP Oscar Acosta
|
|
Batting: RHB Craig Landis
|
0-0: Ball 1-0: Ball 2-0: Foul Ball, location: 2F 2-1: Ball 3-1: Foul Ball, location: 2F 3-2: Foul Ball, location: 2F 3-2: Foul Ball, location: 2F 3-2: Ground out 5-3 (Groundball, 56, EV 83.1 MPH)
|
|
Batting: RHB Jeffrey Ronk
|
0-0: Called Strike 0-1: Foul Ball, location: 2F 0-2: Foul Ball, location: 2F 0-2: Ball 1-2: Ball 2-2: Ball 3-2: Base on Balls
|
|
Batting: RHB John Almon
|
0-0: Foul Ball, location: 2F 0-1: Ball 1-1: Swinging Strike 1-2: Ball 2-2: Ball Wild Pitch! Jeffrey Ronk to second 3-2: Strikes out swinging, 2-3 out at first.
|
|
Batting: RHB John Hanley
|
0-0: Foul Ball, location: 2F 0-1: Foul Ball, location: 2F 0-2: Ball 1-2: Foul Ball, location: 2F 1-2: Ball 2-2: Ball 3-2: Base on Balls
|
|
Batting: RHB Larry Fobbs
|
0-0: Called Strike 0-1: Ball 1-1: SINGLE (Line Drive, 9S, EV 105.0 MPH) Jeffrey Ronk to third John Hanley to second Runner from 3rd tries for Home, SAFE, throw by RF to home
|
|
Batting: RHB Matthew Tyner
|
0-0: Ball 1-0: Ball 2-0: Ball 3-0: Base on Balls John Hanley to third Larry Fobbs to second
|
|
Batting: SHB Jose Oquendo
|
0-0: Ball 1-0: Ball 2-0: Called Strike 2-1: Called Strike 2-2: Ground out 5-3 (Groundball, 56, EV 86.3 MPH)
|
| Top of the 2nd over - 1 run, 1 hit, 0 errors, 3 left on base; Spokane 1 - San Jose 0 |
| BOTTOM OF THE 2ND |
|
San Jose Missions batting - Pitching for Spokane Indians : RHP Rob Mendoza
|
|
Batting: LHB Steven Michael
|
0-0: Ball 1-0: Foul Ball, location: 2F 1-1: Ball 2-1: Foul Ball, location: 2F 2-2: Reached on error, E6 (Groundball, 6M, EV 104.4 MPH)
|
|
Batting: SHB David Piller
|
0-0: Fly out, F9 (Flyball, 89S, EV 80.6 MPH)
|
|
Batting: LHB Glen Franklin
|
0-0: Ball 1-0: Called Strike 1-1: Swinging Strike 1-2: SINGLE (Groundball, 4, EV 105.0 MPH) Steven Michael to third Runner from 3rd tries for Home, SAFE, throw by RF to home
|
|
Batting: LHB Rich Gedman
|
0-0: Foul Ball, location: 2F 0-1: Ball 1-1: Grounds into double play, 6-4-3 (Groundball, 6, EV 87.5 MPH)
|
| Bottom of the 2nd over - 1 run, 1 hit, 1 error, 0 left on base; Spokane 1 - San Jose 1 |
| TOP OF THE 3RD |
|
Spokane Indians batting - Pitching for San Jose Missions : RHP Oscar Acosta
|
|
Batting: LHB Stu Pederson
|
0-0: Called Strike 0-1: Foul Ball, location: 2F 0-2: Strikes out swinging
|
|
Batting: SHB Mark Gillaspie
|
0-0: Called Strike 0-1: Foul Ball, location: 2F 0-2: Strikes out looking
|
|
Batting: RHB Craig Landis
|
0-0: Ball 1-0: Foul Ball, location: 2F 1-1: Ball 2-1: Fly out, F8 (Flyball, 89M, EV 80.6 MPH)
|
| Top of the 3rd over - 0 runs, 0 hits, 0 errors, 0 left on base; Spokane 1 - San Jose 1 |
| BOTTOM OF THE 3RD |
|
San Jose Missions batting - Pitching for Spokane Indians : RHP Rob Mendoza
|
|
Batting: LHB Jesus Valerio
|
0-0: Called Strike 0-1: Called Strike 0-2: Foul Ball, location: 2F 0-2: Foul Ball, location: 2F 0-2: Ball 1-2: Ball 2-2: Ball 3-2: Foul Ball, location: 2F 3-2: Fly out, F4 (Flyball, 34D, EV 84.4 MPH)
|
|
Batting: SHB Curt Bryan
|
0-0: Ball 1-0: Foul Ball, location: 2F 1-1: Ball 2-1: Ball 3-1: Base on Balls
|
|
Batting: RHB Vance Law
|
0-0: Foul Ball, location: 2F 0-1: Fly out, F7 (Flyball, 7S, EV 89.4 MPH)
|
|
Batting: SHB Bip Roberts
|
Pickoff Throw to First - Out! 1-3
|
| Bottom of the 3rd over - 0 runs, 0 hits, 0 errors, 0 left on base; Spokane 1 - San Jose 1 |
| TOP OF THE 4TH |
|
Spokane Indians batting - Pitching for San Jose Missions : RHP Oscar Acosta
|
|
Batting: RHB Jeffrey Ronk
|
0-0: Ball 1-0: Ball 2-0: Called Strike 2-1: Fly out, F4 (Line Drive, 4, EV 66.3 MPH)
|
|
Batting: RHB John Almon
|
0-0: Fly out, F8 (Flyball, 89XD, EV 102.5 MPH)
|
|
Batting: RHB John Hanley
|
0-0: SINGLE (Line Drive, 34D, EV 94.4 MPH)
|
|
Batting: RHB Larry Fobbs
|
0-0: Ball 1-0: Fly out, F6 (Popup, P, EV 77.5 MPH)
|
| Top of the 4th over - 0 runs, 1 hit, 0 errors, 1 left on base; Spokane 1 - San Jose 1 |
| BOTTOM OF THE 4TH |
|
San Jose Missions batting - Pitching for Spokane Indians : RHP Rob Mendoza
|
|
Batting: SHB Bip Roberts
|
0-0: Ball 1-0: Swinging Strike 1-1: SINGLE (Groundball, 3D, EV 105.6 MPH)
|
|
Batting: LHB Marvell Wynne
|
0-0: Ball 1-0: Ball 2-0: Ball 3-0: Fly out, F5 (Flyball, 56D, EV 95.6 MPH)
|
|
Batting: LHB Steven Michael
|
0-0: Ball 1-0: Ball 2-0: SINGLE (Line Drive, 7LM, EV 105.0 MPH) Bip Roberts to second
|
|
Batting: SHB David Piller
|
0-0: Called Strike 0-1: Swinging Strike 0-2: Foul Ball, location: 2F 0-2: Ball 1-2: Foul Ball, location: 2F 1-2: Foul Ball, location: 2F 1-2: Strikes out swinging
|
|
Batting: LHB Glen Franklin
|
0-0: Ball 1-0: Fly out, F6 (Flyball, 5D, EV 85.0 MPH)
|
| Bottom of the 4th over - 0 runs, 2 hits, 0 errors, 2 left on base; Spokane 1 - San Jose 1 |
| TOP OF THE 5TH |
|
Spokane Indians batting - Pitching for San Jose Missions : RHP Oscar Acosta
|
|
Batting: RHB Matthew Tyner
|
0-0: Ball 1-0: Swinging Strike 1-1: Ball 2-1: Ball 3-1: Foul Ball, location: 2F 3-2: Base on Balls
|
|
Batting: SHB Jose Oquendo
|
0-0: Bunt missed! 0-1: Sac Bunt to 15S - play at first, batter OUT! 1-4 Matthew Tyner to second
|
|
Batting: LHB Stu Pederson
|
0-0: Ball 1-0: Foul Ball, location: 2F 1-1: Ball 2-1: Foul Ball, location: 2F 2-2: Foul Ball, location: 2F 2-2: Ball 3-2: Foul Ball, location: 2F 3-2: Foul Ball, location: 2F 3-2: Strikes out swinging, 2-3 out at first.
|
|
Batting: SHB Mark Gillaspie
|
0-0: Intentional Walk
|
|
Batting: RHB Craig Landis
|
0-0: Fly out, F8 (Line Drive, 8LD, EV 90.0 MPH)
|
| Top of the 5th over - 0 runs, 0 hits, 0 errors, 2 left on base; Spokane 1 - San Jose 1 |
| BOTTOM OF THE 5TH |
|
San Jose Missions batting - Pitching for Spokane Indians : RHP Rob Mendoza
|
|
Batting: LHB Rich Gedman
|
0-0: DOUBLE (Line Drive, 5D, EV 95.6 MPH)
|
|
Batting: LHB Jesus Valerio
|
0-0: Called Strike 0-1: Ball 1-1: Swinging Strike 1-2: Foul Ball, location: 2F 1-2: Strikes out swinging
|
|
Batting: SHB Curt Bryan
|
0-0: Ball 1-0: SINGLE (Groundball, 4MD, EV 111.9 MPH) Rich Gedman to third Runner from 3rd tries for Home, SAFE, throw by CF to home
|
|
Batting: RHB Vance Law
|
0-0: Called Strike 0-1: Ball 1-1: Ball Curt Bryan is caught stealing 2nd base 2-4 2-1: SINGLE (Line Drive, 78M, EV 104.4 MPH)
|
|
Batting: SHB Bip Roberts
|
0-0: Ball 1-0: Ball 2-0: Ball 3-0: Base on Balls Vance Law to second
|
|
Batting: LHB Marvell Wynne
|
0-0: Called Strike 0-1: Called Strike 0-2: Ball 1-2: Foul Ball, location: 2F 1-2: Foul Ball, location: 2F 1-2: Ball 2-2: Fly out, F2 (Popup, 25F, EV 86.3 MPH)
|
| Bottom of the 5th over - 1 run, 3 hits, 0 errors, 2 left on base; Spokane 1 - San Jose 2 |
| TOP OF THE 6TH |
|
Spokane Indians batting - Pitching for San Jose Missions : RHP Oscar Acosta
|
|
Batting: RHB Jeffrey Ronk
|
0-0: Called Strike 0-1: Fly out, F9 (Flyball, 89M, EV 71.3 MPH)
|
|
Batting: RHB John Almon
|
0-0: Ball 1-0: Ground out 1-3 (Groundball, P, EV 69.4 MPH)
|
|
Batting: RHB John Hanley
|
0-0: Ground out 1-3 (Groundball, P, EV 65.6 MPH)
|
| Top of the 6th over - 0 runs, 0 hits, 0 errors, 0 left on base; Spokane 1 - San Jose 2 |
| BOTTOM OF THE 6TH |
|
San Jose Missions batting - Pitching for Spokane Indians : RHP Rob Mendoza
|
|
Batting: LHB Steven Michael
|
0-0: Ground out 5-3 (Groundball, 56S, EV 91.3 MPH)
|
|
Batting: SHB David Piller
|
0-0: Called Strike 0-1: SINGLE (Groundball, 6MD, EV 99.4 MPH)
|
|
Batting: LHB Glen Franklin
|
0-0: Ball David Piller steals 2nd base 1-0: Ground out 3-1 (Groundball, 34S, EV 90.0 MPH) David Piller to third
|
|
Batting: LHB Rich Gedman
|
0-0: DOUBLE (Groundball, 3L, EV 100.6 MPH) David Piller scores
|
|
Batting: LHB Jesus Valerio
|
0-0: Called Strike 0-1: Ball 1-1: Ball 2-1: Swinging Strike 2-2: Ball 3-2: Base on Balls
|
|
Batting: SHB Curt Bryan
|
0-0: Ball 1-0: Ball 2-0: Called Strike 2-1: Ball 3-1: Base on Balls Rich Gedman to third Jesus Valerio to second
|
|
Batting: RHB Vance Law
|
0-0: Reached on error, E5 (Groundball, 56, EV 91.3 MPH) Rich Gedman scores Jesus Valerio to third Curt Bryan to second
|
|
Batting: SHB Bip Roberts
|
0-0: Called Strike 0-1: Called Strike 0-2: Ground out 3-1 (Groundball, 34S, EV 91.3 MPH)
|
| Bottom of the 6th over - 2 runs, 2 hits, 1 error, 3 left on base; Spokane 1 - San Jose 4 |
| TOP OF THE 7TH |
|
Spokane Indians batting - Pitching for San Jose Missions : RHP Oscar Acosta
|
|
Batting: RHB Larry Fobbs
|
0-0: Called Strike 0-1: Called Strike 0-2: Strikes out swinging
|
|
Batting: RHB Matthew Tyner
|
0-0: Called Strike 0-1: Ball 1-1: Ball 2-1: DOUBLE (Flyball, 78D, EV 107.5 MPH)
|
|
Batting: SHB Jose Oquendo
|
0-0: Called Strike 0-1: Ball 1-1: Called Strike 1-2: Ball 2-2: Fly out, F4 (Popup, 4, EV 82.5 MPH)
|
|
Batting: LHB Stu Pederson
|
0-0: Called Strike 0-1: Ground out 4-3 (Groundball, 4M, EV 83.8 MPH)
|
| Top of the 7th over - 0 runs, 1 hit, 0 errors, 1 left on base; Spokane 1 - San Jose 4 |
| BOTTOM OF THE 7TH |
|
San Jose Missions batting - Pitching for Spokane Indians : RHP Rob Mendoza
|
|
Batting: LHB Marvell Wynne
|
0-0: Ball 1-0: Called Strike 1-1: Ball 2-1: Ball 3-1: Base on Balls
|
|
Batting: LHB Steven Michael
|
0-0: Swinging Strike 0-1: Called Strike 0-2: Ball 1-2: Ball Marvell Wynne steals 2nd, throwing error, E2 Marvell Wynne to third 2-2: Foul Ball, location: 2F 2-2: Ball 3-2: Foul Ball, location: 2F 3-2: Base on Balls
|
|
Batting: SHB David Piller
|
0-0: Called Strike 0-1: Foul Ball, location: 2F 0-2: Ball 1-2: Strikes out swinging
|
|
Batting: LHB Glen Franklin
|
0-0: Ball 1-0: Called Strike 1-1: Ball 2-1: Ball 3-1: Foul Ball, location: 2F 3-2: Fielders Choice at 2nd, 4-6 (Groundball, 4, EV 85.0 MPH) Marvell Wynne scores
|
|
Batting: LHB Rich Gedman
|
0-0: Foul Ball, location: 2F 0-1: Called Strike 0-2: Strikes out swinging
|
| Bottom of the 7th over - 1 run, 0 hits, 1 error, 1 left on base; Spokane 1 - San Jose 5 |
| TOP OF THE 8TH |
|
Spokane Indians batting - Pitching for San Jose Missions : RHP Oscar Acosta
|
|
Batting: SHB Mark Gillaspie
|
0-0: Ball 1-0: Ball 2-0: Ball 3-0: Called Strike 3-1: Base on Balls
|
|
Pitching: RHP Kenneth Palmer
|
|
|
Batting: RHB Craig Landis
|
0-0: Ball 1-0: Foul Ball, location: 2F 1-1: Foul Ball, location: 2F 1-2: Strikes out swinging
|
|
Batting: RHB Jeffrey Ronk
|
0-0: Called Strike 0-1: Grounds into double play, 5-4-3 (Groundball, 56, EV 80.6 MPH)
|
| Top of the 8th over - 0 runs, 0 hits, 0 errors, 0 left on base; Spokane 1 - San Jose 5 |
| BOTTOM OF THE 8TH |
|
San Jose Missions batting - Pitching for Spokane Indians : RHP Rob Mendoza
|
|
Batting: LHB Jesus Valerio
|
0-0: Fly out, F7 (Flyball, 78S, EV 91.9 MPH)
|
|
Batting: SHB Curt Bryan
|
0-0: Ball 1-0: Called Strike 1-1: Called Strike 1-2: Ball 2-2: Fly out, F2 (Popup, 25F, EV 76.9 MPH)
|
|
Batting: RHB Vance Law
|
0-0: Called Strike 0-1: Ball 1-1: Called Strike 1-2: Strikes out swinging
|
| Bottom of the 8th over - 0 runs, 0 hits, 0 errors, 0 left on base; Spokane 1 - San Jose 5 |
| TOP OF THE 9TH |
|
Spokane Indians batting - Pitching for San Jose Missions : RHP Kenneth Palmer
|
|
Batting: RHB John Almon
|
0-0: Called Strike 0-1: Ball 1-1: Foul Ball, location: 2F 1-2: Fly out, F7 (Flyball, 7D, EV 87.5 MPH)
|
|
Batting: RHB John Hanley
|
0-0: Called Strike 0-1: Ball 1-1: Ball 2-1: SINGLE (Line Drive, 6D, EV 101.9 MPH)
|
|
Batting: RHB Larry Fobbs
|
0-0: Ball 1-0: Foul Ball, location: 2F 1-1: Ball 2-1: Ball 3-1: Called Strike 3-2: Fly out, F8 (Line Drive, 8LD, EV 103.1 MPH)
|
|
Batting: RHB Matthew Tyner
|
0-0: Swinging Strike 0-1: Called Strike 0-2: Ball 1-2: Foul Ball, location: 2F 1-2: Strikes out swinging
|
| Top of the 9th over - 0 runs, 1 hit, 0 errors, 1 left on base; Spokane 1 - San Jose 5 |
|